 Dungeon Crawl Stone Soup version 0.31-a0-1540-g5a0b83f448 (webtiles) character file.

Game seed: 7417751255144921443

79 Aldia the Shooter (level 4, -9/51 HPs)
             Began as a Formicid Hunter on Jan 2, 2024.
             Was an Initiate of Zin.
             Mangled by a mummy (14 damage)
             ... in an ossuary.
             The game lasted 00:05:34 (2769 turns).

Aldia the Shooter (Formicid Hunter)                 Turns: 2769, Time: 00:05:34

Health: -9/51      AC: 22    Str: 16    XL:     4   Next: 64%
Magic:  4/4        EV:  2    Int:  8    God:    Zin [......]
Gold:   66         SH:  5    Dex: 19    Spells: 3/3 levels left

rFire   . . .        a - +0 shortbow
rCold   . . .        e - +0 buckler
rNeg    . . .        c - melded +0 leather armour
rPois   +            (helmet unavailable)
rElec   .            h - melded +0 cloak
rCorr   .            (gloves currently unavailable)
SInv    .            r - melded +0 pair of boots
Will    .....        (no amulet)
Stlth   ++           (no ring)
HPRegen 0.28/turn    (no ring)
MPRegen 0.09/turn

%: no passive effects
@: tree-form, attractive
A: stationary, stasis, torment immunity, boosted hp, permanent stasis, dig
shafts and tunnels, (antennae 3), four strong arms
a: Renounce Religion, Donate Gold


You were in an ossuary.
You worshipped Zin.
Zin was noncommittal.
You were a tree.
You visited 1 branch of the dungeon, and saw 4 of its levels.
You also visited: Ossuary.

You collected 73 gold pieces.
You donated 7 gold pieces to Zin.

Inventory:

Hand Weapons
 a - a +0 shortbow (weapon)
Armour
 c - a +0 leather armour (melded)
 e - a +0 buckler (worn)
 h - a +0 cloak (melded)
 o - a +0 ring mail
 r - a +0 pair of boots (melded)
Scrolls
 d - 2 scrolls of vulnerability
 f - a scroll of revelation
 i - a scroll of poison {unknown}
 j - a scroll of blinking {unknown}
 p - a scroll of teleportation {unknown}
 q - a scroll of immolation {unknown}
 s - a scroll of identify {unknown}
Potions
 l - a potion of haste {unknown}
 m - a potion of degeneration {unknown}
 n - a potion of curing {unknown}


   Skills:
 + Level 2.9 Fighting
 * Level 4.7 Ranged Weapons
 + Level 1.2 Armour
 + Level 2.4 Dodging
 - Level 1.2 Stealth
 - Level 1.0 Shields


You had 3 spell levels left.
You didn't know any spells.
Your spell library contained the following spells:

 Spells                   Type           Power      Damage    Failure   Level
 Inner Flame              Hex/Fire       0%         N/A       86%         3
 Irradiate                Conj/Alch      0%         3d11      100%        5
 Ignition                 Fire           0%         3d3       100%        8


Dungeon Overview and Level Annotations

Branches:
Dungeon (4/15)            Ossuary (1/1)
 Temple: D:4-7

Altars:
Okawaru
Ru
Yredelemnul
Zin

Shops:
D:4 :


Innate Abilities, Weirdness & Mutations

You are a tree.
Your roots penetrate the ground, keeping you stationary.
You cannot be teleported.
You are immune to unholy pain and torment.
Your maximum health is greatly increased.
Your equipment is partially melded.
You cannot be hasted, slowed, berserked, paralysed or teleported.
You can dig through walls and to a lower floor.
((You have a pair of large antennae on your head. (SInv)))
Your four strong arms can wield two-handed weapons with a shield.


Message History

The mummy is moderately damaged.
The hobgoblin zombie hits your butterfly.
Your butterfly dies!
Your butterfly disappears in a burst of colours!
The gnoll zombie completely misses your butterfly.
The orc zombie completely misses your butterfly.
You block the mummy's attack. The mummy misses your butterfly.
The mummy completely misses your butterfly.
The kobold zombie hits your butterfly.
Your butterfly dies!
Your butterfly disappears in a burst of colours!
The mummy closely misses your butterfly.
The mummy is attracted toward you.
The hobgoblin zombie is attracted toward you.
The mummy is attracted toward you.
You shoot an arrow. The arrow hits the mummy.
The mummy is heavily damaged.
The hobgoblin zombie barely misses your butterfly.
The orc zombie barely misses your butterfly.
The mummy hits you.
* * * LOW HITPOINT WARNING * * *
The mummy misses your butterfly.
The hobgoblin zombie hits your butterfly.
Your butterfly dies!
Your butterfly disappears in a burst of colours!
The mummy barely misses your butterfly. The mummy is attracted toward you.
Unknown command.
It was a potion of lignification.
You turn into a tree.
Your +0 cloak melds into your body.
Your +0 pair of boots melds into your body.
Your +0 leather armour melds into your body.
Your roots penetrate the ground.
Zin forgives your inadvertent chaotic act, just this once.
The mummy closely misses your butterfly.
You block the mummy's attack. The mummy is attracted toward you.
Unknown command.
You shoot an arrow. The arrow hits the mummy.
The mummy is almost destroyed.
You block the kobold zombie's attack. The mummy hits you!
You die...

......
#....#
#b...#
#bbb.#
#b§b.#


#bbMZ# #ZZMb# #ZMMb# #b♣bb# #bb∩.# ###### You could see 4 mummies, a hobgoblin
zombie (ally target), a gnoll zombie (ally target), a kobold zombie (ally
target) and an orc zombie (ally target).

Vanquished Creatures
  Jessica (D:3)
  An adder (D:2)
  2 dart slugs (D:3)
  A ribbon worm (D:3)
  An orc (D:2)
  5 endoplasms
  2 giant cockroaches
  A gnoll zombie (Ossuary)
  4 goblins
  3 hobgoblins (D:1)
  3 jackals (D:3)
  A quokka (D:2)
  A ball python (D:2)
  2 bats (D:1)
  A frilled lizard (D:3)
  2 kobolds (D:1)
  2 kobold zombies (Ossuary)
  4 rats
37 creatures vanquished.

Notes
Turn   | Place    | Note
-------+----------+-------------------------------------------
     0 | D:1      | Aldia the Formicid Hunter began the quest for the Orb.
     0 | D:1      | Reached XP level 1. HP: 16/16 MP: 1/1
   363 | D:1      | Reached XP level 2. HP: 18/23 MP: 2/2
   953 | D:1      | Reached skill level 1 in Shields
  1186 | D:2      | Reached XP level 3. HP: 27/28 MP: 3/3
  1357 | D:2      | Found a faded altar of an unknown god.
  1688 | D:3      | Found a glowing silver altar of Zin.
  1692 | D:3      | Became a worshipper of Zin the Law-Giver
  1757 | D:3      | Found an iron altar of Okawaru.
  1914 | D:3      | Noticed Jessica
  1916 | D:3      | Killed Jessica
  1917 | D:3      | Reached skill level 1 in Armour
  1917 | D:3      | Reached XP level 4. HP: 26/34 MP: 4/4
  2426 | D:3      | Found a sacrificial altar of Ru.
  2691 | D:4      | Found a basalt altar of Yredelemnul.
  2707 | D:4      | Noticed a walking frostbound tome
  2708 | D:4      | Found Inafupn's Book Boutique.
  2710 | D:4      | Noticed a walking crystal tome
  2733 | D:4      | Found a sand-covered staircase.
  2737 | Ossuary  | Entered an ossuary
  2769 | Ossuary  | Mangled by a mummy

Illustrated notes

Levels and vault maps discovered:
D:1:      lightli_arrival_statuegarden, layout_basic,
          chequers_serial_rivers_small_b, nicolae_the_louvre
D:2:      layout_loops_ring, ebering_ecumenical_altar_rust, item_on_display_a
D:3:      layout_basic, zin_treasury, okawaru_metal_pillars_1_2,
          nicolae_ru_path_of_blood, uniq_jessica
D:4:      layout_rooms, mainiacjoe_overflow_catwalk, serial_shops, shop,
          nicolae_shop_mannequins, enter_ossuary_5, serial_corexii_hall,
          corexii_hall_statues_i, corexii_hall_statues_deadend
Ossuary:  ossuary_tomb_3

Skill      XL: |  1  2  3 |
---------------+----------+-----
Dodging        | 2 |  2.4
Shields        | 1 |  1.0
Armour         | 1 |  1.2
Fighting       | |  2.9
Ranged Weapons | |  4.7
Stealth        | |  1.2

Action                     |  1- 3 |  4- 6 || total
---------------------------+-------+-------++-------
   Fire: Shortbow          |    88 |    34 ||   122
    Use: Scroll            |       |     3 ||     3
         Potion            |       |     2 ||     2
 Armour: Leather armour    |    18 |    11 ||    29
         Skin              |       |     1 ||     1
  Dodge: Dodged            |    18 |     8 ||    26
  Block: Buckler           |     9 |     5 ||    14

Table legend: (Time is in decaauts)
 A = Elapsed time spent in this place.
 B = Non-inter-level travel time spent in this place.
 C = Inter-level travel time spent in this place.
 D = Time resting spent in this place.
 E = Time spent auto-exploring this place.
 F = Levels seen in this place.
 G = Mean time per level.
                   A        B        C        D        E       F      G
               +--------+--------+--------+--------+--------+-----+--------+
         Total |   2800 |   2679 |    121 |      0 |   2255 |   5 |  560.0 |
       Dungeon |   2764 |   2643 |    121 |      0 |   2255 |   4 |  691.0 |
       Ossuary |     36 |     36 |      0 |      0 |      0 |   1 |   36.0 |
               +--------+--------+--------+--------+--------+-----+--------+

Top non-repeatable levels by time:
     D:3: 1012 daAuts
     D:1: 996 daAuts
     D:2: 707 daAuts
     D:4: 47 daAuts
 Ossuary: 36 daAuts
